 Dungeon Crawl Stone Soup version 0.27-a0-1416-g941b2bd30b (webtiles) character file.

Game seed: 8314865828461857780

2594 wesbby the Quickloader (level 9, -3/81 HPs)
             Began as a Minotaur Hunter on July 1, 2021.
             Was an Initiate of Ashenzari.
             Slain by a yak (9 damage)
             ... on level 6 of the Dungeon.
             The game lasted 00:19:28 (5311 turns).

wesbby the Quickloader (Minotaur Hunter)            Turns: 5311, Time: 00:19:28

Health: -3/81      AC: 10    Str: 19    XL:     9   Next: 33%
Magic:  0/17       EV: 12    Int: 14    God:    Ashenzari [......]
Gold:   222        SH:  0    Dex: 12    Spells: 8/8 levels left

rFire    + . .     SeeInvis .   a - +0 mace
rCold    . . .     Faith    .   (no shield)
rNeg     . . .     Spirit   +   w - +2 ring mail "Omission of Ashenzari" {rF+, Cun, Bglg} (curse)
rPois    .         Reflect  .   (helmet restricted)
rElec    .         Harm     .   f - +1 cloak
rCorr    .         Rampage  .   (no gloves)
Will     .....                  (no boots)
Stlth    +.........             h - amulet of guardian spirit
HPRegen  0.23/turn              r - +6 ring of intelligence
MPRegen  0.15/turn              t - ring of magical power

@: on berserk cooldown, slowed, very slow
A: horns 2, retaliatory headbutt
a: Renounce Religion, Shatter the Chains


You were on level 6 of the Dungeon.
You worshipped Ashenzari.
Ashenzari was noncommittal.
You visited 1 branch of the dungeon, and saw 6 of its levels.

You collected 222 gold pieces.

Inventory:

Hand Weapons
 a - a +0 mace (weapon)
 b - a +0 short sword
Missiles
 u - 4 boomerangs of dispersal (quivered)
Armour
 c - a +0 leather armour
 e - a +0 cloak
 f - a +1 cloak (worn)
 w - the cursed +2 ring mail "Omission of Ashenzari" (worn) {rF+, Cun, Bglg}
   (You took it off Edmund on level 4 of the Dungeon)

   It has a curse which improves the following skills: Cunning: Dodging and
   Stealth.
   Beguiling: Conjurations, Hexes and Translocations.
Jewellery
 h - an amulet of guardian spirit (around neck)
 r - a +6 ring of intelligence (left hand)
 t - a ring of magical power (right hand)
Wands
 v - a wand of acid (9)
 x - a wand of polymorph (10)
Scrolls
 n - 2 scrolls of amnesia
 p - a scroll of enchant armour
 s - a scroll of enchant weapon
Potions
 j - 3 potions of curing
 k - a potion of brilliance
 l - a potion of resistance
 m - a potion of flight
 o - 4 potions of berserk rage
 z - a potion of cancellation


   Skills:
 * Level 8.1 Fighting
 * Level 11.5 Crossbows
 + Level 4.5 Armour
 + Level 3.3(3.7) Dodging
 - Level 0.7(1.0) Stealth


You had 8 spell levels left.
You didn't know any spells.
Your spell library contained the following spells:

 Spells                   Type           Power      Damage    Failure   Level
 Dazzling Flash           Conj/Hex       0%         N/A       82%         3
 Agony                    Necr           0%         N/A       100%        5
 Silence                  Hex/Air        0%         N/A       100%        5


Dungeon Overview and Level Annotations

Branches:
Dungeon (6/15)
 Temple: D:4-7

Altars:
Ashenzari
Uskayaw

Shops:
D:3 *


Innate Abilities, Weirdness & Mutations

You have a pair of horns on your head.
You reflexively headbutt those who attack you in melee.


Message History

Crazy Yiuf is heavily wounded.
Crazy Yiuf hits you with a +3 quarterstaff of chaos!
You hit Crazy Yiuf. You headbutt Crazy Yiuf!
You kill Crazy Yiuf!
The yak gores you.
There is an open translucent door, spattered with blood here.
Things that are here:
a +3 quarterstaff of chaos; a +1 cloak You feel a strong urge to attack something.
You feel your anger nearly subside.
You are no longer berserk.
You are exhausted.
You feel yourself slow down.
You see here a +0 mace.
a - a +0 mace
a - a +0 mace (weapon)
The yak gores you!
You hit the yak but do no damage. You headbutt the yak!
The yak is severely wounded.
The yak gores you. The yak closely misses you. You furiously retaliate!
You headbutt the yak. You hit the yak but do no damage. You headbutt the yak!
The yak is moderately wounded.
The yak closely misses you. The yak barely misses you. The yak gores you! x2
* * * LOW HITPOINT WARNING * * *
The yak completely misses you. You furiously retaliate!
You headbutt the yak. The yak gores you but does no damage.
You thump the yak!
The yak is heavily wounded.
The yak misses you. The yak closely misses you. The yak gores you.
* * * LOW HITPOINT WARNING * * *
The yak gores you but does no damage. The yak gores you.
* * * LOW HITPOINT WARNING * * *
The yak closely misses you. You furiously retaliate!
You headbutt the yak!
Okay, then.
You hit the yak but do no damage. You headbutt the yak!
The yak is severely wounded.
The yak gores you!
* * * LOW HITPOINT WARNING * * *
The yak gores you!
You die...

♣♣.♣♣
#............
♣Y♣♣
#............
♣♣Y♣
#.......#####
♣§♣♣
#.......#
♣♣§♣
#########
##§## #§§§#
#§YY# #§Y@#
#####


You could see 3 yaks.

Vanquished Creatures
  Pikel (D:5)
  3 yaks (D:6)
  Menkaure (D:4)
  Edmund (D:4)
  A water moccasin (D:5)
  A black bear (D:3)
  4 ogres
  2 phantoms (D:5)
  A lemure (D:5)
  2 howler monkeys
  A jelly (D:4)
  A centaur skeleton (D:5)
  3 orc priests
  Crazy Yiuf (D:6)
  2 hounds (D:5)
  Natasha (thrice) (D:4)
  3 iguanas
  2 orc wizards
  2 river rats (D:5)
  7 adders
  A shadow imp (D:5)
  An ufetubus (D:5)
  2 worms
  A dart slug (D:1)
  24 orcs
  6 ball pythons
  4 bats
  9 endoplasms
  3 giant cockroaches
  10 goblins
  9 hobgoblins
  12 jackals
  A quokka (D:1)
  4 frilled lizards
  9 kobolds
  5 rats
143 creatures vanquished.

Notes
Turn   | Place    | Note
-------+----------+-------------------------------------------
     0 | D:1      | wesbby the Minotaur Hunter began the quest for the Orb.
     0 | D:1      | Reached XP level 1. HP: 18/18 MP: 0/0
    56 | D:1      | Found a faded altar of an unknown god.
   112 | D:1      | Became a worshipper of Ashenzari the Shackled
   171 | D:1      | Reached XP level 2. HP: 25/25 MP: 1/1
   206 | D:1      | Reached skill level 5 in Crossbows
   644 | D:2      | Reached XP level 3. HP: 30/30 MP: 2/2
  1153 | D:2      | Reached skill level 6 in Crossbows
  1153 | D:2      | Reached XP level 4. HP: 38/38 MP: 3/3
  1715 | D:3      | Reached XP level 5. HP: 41/45 MP: 4/4
  1882 | D:3      | Found Pajaz's General Store.
  2131 | D:3      | Reached * piety under Ashenzari
  2363 | D:4      | Noticed a black bear
  2375 | D:3      | Killed a black bear
  2376 | D:3      | Reached skill level 7 in Crossbows
  2376 | D:3      | Reached skill level 1 in Armour
  2376 | D:3      | Reached XP level 6. HP: 39/55 MP: 5/5
  2439 | D:4      | Noticed Natasha
  2440 | D:4      | Noticed Menkaure
  2444 | D:4      | Killed Natasha
  2444 | D:4      | Noticed Natasha
  2446 | D:4      | Killed Menkaure
  2447 | D:4      | Reached skill level 8 in Crossbows
  2449 | D:4      | Killed Natasha
  2453 | D:4      | Reached XP level 7. HP: 41/61 MP: 6/6
  2461 | D:4      | Noticed Natasha
  2466 | D:4      | Killed Natasha
  2926 | D:4      | Noticed Edmund
  2937 | D:4      | Killed Edmund
  2938 | D:4      | Reached skill level 5 in Fighting
  2938 | D:4      | Reached skill level 9 in Crossbows
  3330 | D:5      | Entered Level 5 of the Dungeon
  3425 | D:5      | Noticed Pikel
  3432 | D:5      | Killed Pikel
  3433 | D:5      | Reached skill level 10 in Crossbows
  3433 | D:5      | Reached XP level 8. HP: 71/71 MP: 7/7
  3446 | D:5      | Found a glowing drain.
  3728 | D:5      | Reached skill level 11 in Crossbows
  4412 | D:6      | Noticed a seven-headed hydra
  4999 | D:6      | Reached XP level 9. HP: 79/79 MP: 8/8
  5002 | D:6      | Found a hide-covered altar of Uskayaw.
  5289 | D:6      | Found a runed translucent door.
  5290 | D:6      | Noticed Crazy Yiuf
  5301 | D:6      | Killed Crazy Yiuf
  5311 | D:6      | Slain by a yak

Illustrated notes

Levels and vault maps discovered:
D:1:      noname_arrival_rooms_in_the_neighbourhood, layout_rooms,
          chequers_ecumenical_altar_island
D:2:      cheibrodos_pilgrimage, layout_rooms, grunt_ministairs_5
D:3:      cheibrodos_greedy_goblins, layout_loops_corners, serial_shops, shop,
          glass_columns_b
D:4:      layout_loops_cross, uniq_edmund, uniq_menkaure, uniq_natasha
D:5:      layout_basic, serial_curves, eino_curves_03, eino_curves_01,
          portal_sewer_entry_a, uniq_pikel
D:6:      layout_basic, nicolae_uskayaw_suspiria, enter_ossuary_5,
          uniq_crazy_yiuf_cottage

Skill      XL: |  1  2  3  4  5  6  7  8  9 |
---------------+----------------------------+-----
Crossbows      | 5 6 7 8 10 11 | 11.5
Fighting       | 3 4 6 7 8 |  8.1
Armour         | 1 2 3 4 |  4.5
Dodging        | 3 |  3.3
Stealth        | |  0.7

Action                   |  1- 3 |  4- 6 |  7- 9 || total
-------------------------+-------+-------+-------++-------
Melee: Short sword       |     5 |       |     3 ||     8
       Headbutt          |     1 |       |     4 ||     5
       Mace              |       |       |     4 ||     4
       Hand crossbow     |       |       |     2 ||     2
 Fire: Hand crossbow     |   107 |   103 |   189 ||   399
Invok: Curse Item        |       |     2 |     1 ||     3
       Shatter the Chain |       |       |     2 ||     2
  Use: Scroll            |       |       |     6 ||     6
Armor: Leather armour    |     8 |       |       ||     8
       Scale mail        |    15 |    22 |     2 ||    39
       Ring mail         |       |       |    54 ||    54
Dodge: Dodged            |    30 |    14 |    82 ||   126

Table legend: (Time is in decaauts)
 A = Elapsed time spent in this place.
 B = Non-inter-level travel time spent in this place.
 C = Inter-level travel time spent in this place.
 D = Time resting spent in this place.
 E = Time spent auto-exploring this place.
 F = Levels seen in this place.
 G = Mean time per level.
                   A        B        C        D        E       F      G
               +--------+--------+--------+--------+--------+-----+--------+
         Total |   5362 |   4517 |    845 |      0 |   3010 |   6 |  893.7 |
       Dungeon |   5362 |   4517 |    845 |      0 |   3010 |   6 |  893.7 |
               +--------+--------+--------+--------+--------+-----+--------+

Top non-repeatable levels by time:
     D:5: 1335 daAuts
     D:4: 1260 daAuts
     D:3: 1065 daAuts
     D:2: 712 daAuts
     D:1: 646 daAuts
     D:6: 342 daAuts
